 Dungeon Crawl Stone Soup version 0.23.1 (webtiles) character file.

Game seed: 4555495751125958664

135 studuhmizer the Magician (level 4, 0/33 HPs)
             Began as a Mummy Wizard on Mar 9, 2019.
             Slain by a gnoll (7 damage)
             ... on level 3 of the Dungeon.
             The game lasted 00:06:24 (3199 turns).

studuhmizer the Magician (Mummy Wizard)             Turns: 3199, Time: 00:06:24

Health: 0/33       AC:  2    Str: 10    XL:     4   Next: 96%
Magic:  11/11      EV: 12    Int: 18    God:
Gold:   108        SH:  0    Dex: 10    Spells: 8/13 levels left

rFire    x . .     SeeInvis .   d - +2 dagger (venom)
rCold    + . .     Gourm    .   (no shield)
rNeg     + + +     Faith    .   a - +0 robe
rPois    ∞         Spirit   .   b - +0 hat
rElec    .         Reflect  .   (no cloak)
rCorr    .         Harm     .   (no gloves)
MR       .....                  (no boots)
Stlth    ++........             (no amulet)
HPRegen  0.11/turn              (no ring)
MPRegen  0.12/turn              (no ring)

@: no status effects
A: no food or potions, fire vulnerability, cold resistance 1, negative energy
resistance 3, torment resistance, unbreathing
a: no special abilities


You were on level 3 of the Dungeon.
You were not hungry.

You visited 1 branch of the dungeon, and saw 3 of its levels.

You collected 108 gold pieces.

Inventory:

Hand Weapons
 d - a +2 dagger of venom (weapon)
Armour
 a - a +0 robe (worn)
 b - a +0 hat (worn)
 c - a cursed +0 leather armour
Jewellery
 j - an uncursed ring of protection from cold {unknown}
Scrolls
 e - a scroll of fog
 f - a scroll of magic mapping {unknown}
 g - a scroll of teleportation {unknown}
 h - 2 scrolls of remove curse {unknown}
 i - a scroll of blinking {unknown}
 k - a scroll of identify {unknown}


   Skills:
 + Level 1.7 Fighting
 - Level 1.5 Dodging
 - Level 1.5 Stealth
 * Level 5.3 Spellcasting
 * Level 2.4 Conjurations
 + Level 1.3 Summonings
 - Level 0.7 Translocations


You had 8 spell levels left.
You knew the following spells:

 Your Spells              Type           Power        Failure   Level  Hunger
a - Call Imp              Summ           #.......     11%         2    N/A
b - Blink                 Tloc           N/A          14%         2    N/A
z - Magic Dart            Conj           ##..         4%          1    N/A

Your spell library contained the following spells:

 Spells                   Type           Power        Failure   Level  Hunger
 Slow                     Hex            #.......     21%         2    N/A
 Conjure Flame            Conj/Fire      #.......     24%         3    N/A
 Mephitic Cloud           Conj/Pois/Air  #.......     28%         3    N/A

Dungeon Overview and Level Annotations

Branches:
Dungeon (3/15)

Altars:
Okawaru


Innate Abilities, Weirdness & Mutations

You do not eat or drink.
Your flesh is vulnerable to fire.
You are immune to poison.
Your flesh is cold resistant. (rC+)
You are immune to negative energy. (rN+++)
You are immune to unholy pain and torment.
You can survive without breathing.


Message History

You see here a +0 leather armour.
As you read the scroll labeled NAXECLESSO, it crumbles to dust.
The scroll dissolves into smoke.
It was a scroll of fog.
The gnoll shouts!
The gnoll hits you with a +0 club.
* * * LOW HITPOINT WARNING * * *
You hit the gnoll.
The gnoll is poisoned.
The gnoll is lightly wounded.
You hit the gnoll.
The gnoll is moderately wounded.
The gnoll barely misses you. The gnoll hits you with a +0 club.
* * * LOW HITPOINT WARNING * * *
You hit the gnoll.
The gnoll looks as sick as possible!
The gnoll is almost dead.
The gnoll completely misses you. The gnoll barely misses you.
You hit the gnoll but do no damage.
The gnoll looks as sick as possible!
The gnoll is almost dead.
You kill the gnoll!
The gnoll hits you!
You die...

...............gg..........#.#.#
...............g####.........#.#
#############......##...######.##
.......#......##.g..........
.......#......###g.#####....
..........#######g.# ###....
...................# #......
#####################g..###......
..gg..........§§@gg§§....##......
#######################..##......
#..............##
#.#####.#.#.##.# #.#.#.##.#
#.#.#.##.# ####### #.#.#.##.##
##.....## .# #...#.g....
#..###..# #.# ##..####.##


You could see 2 gnolls.

Vanquished Creatures
  A worker ant (D:2)
  An adder (D:2)
  A gnoll (D:3)
  2 oozes (D:2)
  A worm (D:2)
  2 dart slugs
  3 leopard geckos
  An orc (D:3)
  2 ball pythons
  4 bats
  2 giant cockroaches
  10 goblins
  8 hobgoblins
  8 jackals
  A quokka (D:3)
  A frilled lizard (D:2)
  7 kobolds
  14 rats
69 creatures vanquished.

Notes
Turn   | Place    | Note
-------+----------+-------------------------------------------
     0 | D:1      | studuhmizer the Mummy Wizard began the quest for the Orb.
     0 | D:1      | Reached XP level 1. HP: 13/13 MP: 5/5
   187 | D:1      | Reached skill level 1 in Conjurations
   285 | D:1      | Reached XP level 2. HP: 20/20 MP: 2/7
   670 | D:1      | Learned a level 2 spell: Call Imp
   673 | D:1      | Learned a level 2 spell: Blink
   683 | D:1      | Reached skill level 1 in Fighting
  1060 | D:1      | Reached XP level 3. HP: 26/26 MP: 5/9
  1591 | D:2      | Reached skill level 1 in Summonings
  1898 | D:2      | Found an iron altar of Okawaru.
  1921 | D:2      | Reached XP level 4. HP: 32/32 MP: 2/10
  2139 | D:2      | Reached skill level 5 in Spellcasting
  3199 | D:3      | Slain by a gnoll

Skill      XL: |  1  2  3  4 |
---------------+-------------+-----
Conjurations   | 1 2 |  2.4
Fighting       | 1 |  1.7
Summonings     | 1 |  1.3
Spellcasting   | 5 |  5.3
Dodging        | |  1.5
Stealth        | |  1.5
Translocations | |  0.7

Action                   |  1- 3 |  4- 6 || total
-------------------------+-------+-------++-------
Melee: Dagger            |    18 |    10 ||    28
 Cast: Magic Dart        |   108 |    60 ||   168
  Use: Scroll            |       |     1 ||     1
Armor: Robe              |     5 |       ||     5
Dodge: Dodged            |    31 |     8 ||    39
